 Dungeon Crawl Stone Soup version 0.18-a0-1350-g404b4cb (webtiles) character file.

999 M4edhros the Martial Artist (level 8, -12/52 HPs)
             Began as an Octopode Monk on Feb 18, 2016.
             Was an Elder of Makhleb.
             Mangled by an orc warrior
             ... wielding the +11 flail of a bailey {crush, rC++ Str+3}
              (26 damage)
             ... on level 7 of the Dungeon.
             The game lasted 00:13:58 (3519 turns).

M4edhros the Martial Artist (Octopode Monk)         Turns: 3519, Time: 00:13:58

Health: -12/52     AC:  1    Str: 11    XL:     8   Next: 19%
Magic:  17/17      EV: 13    Int: 12    God:    Makhleb [****..]
Gold:   251        SH:  0    Dex: 16    Spells: 1 memorised, 5 levels left

rFire  . . .     SeeInvis .       - Unarmed
rCold  . . .     Gourm    .     (no shield)
rNeg   . . .     Faith    .     (helmet restricted)
rPois  .         Spirit   .     (no amulet)
rElec  .         Dismiss  .     b - ring of resist corrosion
rCorr  +         Reflect  .     n - ring of magical power
SustAt .         Harm     .     (no ring)
MR     .....                    (no ring)
Stlth  +++.......               (no ring)
                                (no ring)
                                (no ring)
                                (no ring)

@: not resistant to hostile enchantments, fairly stealthy
A: almost no armour, amphibious, 8 rings, constrict 8, camouflage 1, gelatinous
body 1
a: Minor Destruction, Lesser Servant of Makhleb, Major Destruction, Renounce
Religion


You were on level 7 of the Dungeon.
You worshipped Makhleb.
Makhleb was greatly pleased with you.
You were hungry.

You visited 1 branch of the dungeon, and saw 7 of its levels.

You collected 251 gold pieces.

Inventory:

Missiles
 c - 46 sling bullets
 e - 102 stones (quivered)
 x - 4 throwing nets
Jewellery
 b - a ring of resist corrosion (left tentacle)
 n - a ring of magical power (right tentacle)
Wands
 g - a wand of iceblast (0/15)
 m - a wand of lightning (2/15)
 r - a wand of flame (0/48)
Scrolls
 d - 3 scrolls of remove curse
 i - a scroll of fog {unknown}
 s - 3 scrolls of blinking
 v - 4 scrolls of recharging
 w - a scroll of enchant armour
Potions
 k - 2 potions of haste
 l - a potion of invisibility
 q - a potion of might
Books
 t - a book of Burglary

   Spells                             Type                      Level
   a - Swiftness                      Charms/Air                   2
   b - Passwall                       Transmutation/Earth          2
   c - Passage of Golubria            Translocation                4
   d - Lee's Rapid Deconstruction     Earth                        5
   e - Darkness                       Hexes                        6
   f - Invisibility                   Hexes                        6
Comestibles
 a - 5 bread rations
 f - 4 meat rations
 h - a beef jerky
 j - 2 royal jellies


   Skills:
 - Level 3.0 Fighting
 - Level 3.0 Dodging
 - Level 2.6 Stealth
 + Level 10.1 Unarmed Combat


You had 5 spell levels left.
You knew the following spells:

 Your Spells              Type           Power        Failure   Level  Hunger
a - Swiftness             Chrm/Air       #.......     52%         2    ###....


Dungeon Overview and Level Annotations

Branches:
Dungeon (7/15)             Temple (0/1) D:7

Altars:
Ashenzari
Makhleb
Pakellas
Ru

Annotations:
D:5 exclusion: centaur


Innate Abilities, Weirdness & Mutations

You cannot wear most types of armour.
You are amphibious.
You can wear up to eight rings at the same time.
You can use your tentacles to constrict eight enemies at once.
Your skin changes colour to match your surroundings (Stealth).
Your rubbery body absorbs attacks (AC +1).


Message History

The bolt of lightning hits the orc wizard.
You kill the orc wizard!
Makhleb accepts your kill.
You can now hurl Makhleb's greater destruction.
You feel better.
Evoking this partially-identified wand wasted a few charges.
The orc warrior hits you with a transparent flail {crush}!!
* * * LOW HITPOINT WARNING * * *
Evoke which item? (* to show all) (? for menu, Esc to quit)
Zapping:
m - a wand of lightning {zapped: 8} (will waste charges)
Press: ? - help, Shift-Dir - straight line You hear a mighty clap of thunder!
The bolt of lightning hits the orc warrior.
The orc warrior is almost dead.
The bolt of lightning hits the orc warrior.
The orc warrior is almost dead.
Evoking this partially-identified wand wasted a few charges.
The orc warrior hits you with a transparent flail {crush}!!
Ouch! That really hurt!
You die...

####)##
##.##
#..##
##..##
##..##
##..##
##).#
##o##
#.@#
####


You could see an orc warrior.

Vanquished Creatures
  2 ogres (D:6)
  2 centaurs
  A giant frog (D:7)
  A scorpion (D:7)
  2 hounds (D:6)
  3 orc priests (D:6)
  5 orc wizards
  A worker ant (D:6)
  A hound zombie (D:7)
  A hound skeleton (D:4)
  2 worker ant zombies
  6 gnolls
  6 adders
  A worm (D:2)
  5 giant geckos
  12 orcs
  8 bats
  2 giant cockroaches
  7 goblins
  7 hobgoblins
  6 jackals
  11 kobolds
  2 quokkas
  5 giant newts
  A jackal zombie (D:5)
  A quokka skeleton (D:6)
  4 rats
105 creatures vanquished.

Notes
Turn   | Place    | Note
--------------------------------------------------------------
     0 | D:1      | M4edhros the Octopode Monk began the quest for the Orb.
     0 | D:1      | Reached XP level 1. HP: 16/16 MP: 1/1
   160 | D:2      | Reached XP level 2. HP: 21/21 MP: 2/2
   236 | D:2      | Reached skill level 5 in Unarmed Combat
   236 | D:2      | Reached XP level 3. HP: 26/26 MP: 3/3
   620 | D:4      | Noticed an ogre
   622 | D:4      | Noticed a scorpion
   636 | D:5      | Entered Level 5 of the Dungeon
   795 | D:5      | Reached XP level 4. HP: 19/31 MP: 4/4
   851 | D:5      | Noticed a steam dragon
   885 | D:5      | Noticed a steam dragon
   975 | D:5      | Noticed a centaur
  1109 | D:4      | Noticed an ogre
  1156 | D:6      | Noticed a centaur
  1169 | D:6      | Killed a centaur
  1169 | D:6      | Reached skill level 6 in Unarmed Combat
  1169 | D:6      | Reached XP level 5. HP: 10/36 MP: 5/5
  1462 | D:6      | Found a sacrificial altar of Ru.
  1462 | D:6      | Noticed an ogre
  1468 | D:6      | Killed an ogre
  1468 | D:6      | Reached skill level 7 in Unarmed Combat
  1468 | D:6      | Reached XP level 6. HP: 42/42 MP: 6/6
  1840 | D:6      | Reached skill level 8 in Unarmed Combat
  1840 | D:6      | Reached XP level 7. HP: 41/46 MP: 7/7
  1977 | D:6      | Learned a level 2 spell: Swiftness
  1994 | D:6      | Found a burning altar of Makhleb.
  1997 | D:6      | Found a shattered altar of Ashenzari.
  2000 | D:6      | Found an oddly glowing altar of Pakellas.
  2008 | D:6      | Became a worshipper of Makhleb the Destroyer
  2008 | D:6      | Reached * piety under Makhleb
  2008 | D:6      | Reached ** piety under Makhleb
  2388 | D:2      | Reached skill level 9 in Unarmed Combat
  2689 | D:1      | Reached *** piety under Makhleb
  2901 | D:2      | Found an oddly glowing altar of Pakellas.
  3232 | D:7      | Found a staircase to the Ecumenical Temple.
  3242 | D:7      | Reached XP level 8. HP: 11/52 MP: 8/8
  3509 | D:7      | Reached skill level 10 in Unarmed Combat
  3518 | D:7      | Reached **** piety under Makhleb
  3519 | D:7      | Identified the +11 flail of a bailey {crush, rC++ Str+3}
  3519 | D:7      | Mangled by an orc warrior

Vault maps used:
D:1:      minmay_arrival_checkered_box
D:2:      grunt_pakellas_mercury
D:4:      first_bread, minmay_misc_feat_x
D:5:      kennysheep_steamy
D:6:      nicolae_ru_awakened_eye, grunt_temple_overflow_diamond
D:7:      minmay_temple_entry_junction

Action                   |  1- 3 |  4- 6 |  7- 9 || total
-------------------------+-------+-------+-------++-------
Melee: Unarmed           |    52 |    50 |   130 ||   232
Evoke: Wand              |       |     5 |     8 ||    13
  Use: Scroll            |       |     5 |     6 ||    11
       Potion            |       |     2 |     3 ||     5
 Stab: Sleeping          |     7 |     1 |    17 ||    25
       Distracted        |       |     1 |       ||     1
       Invisible         |       |       |     4 ||     4
  Eat: Chunk             |       |     4 |     5 ||     9
